 Dungeon Crawl Stone Soup version 0.26-a0-6-g448add79b7 (webtiles) character file.

Game seed: 12442588190687833238, levelgen mode: deterministic

320 Foltvin the Digger (level 6, -10/32 HPs)
             Began as a Gargoyle Earth Elementalist on May 24, 2020.
             Killed by divine providence
             ... invoked by an orc priest
              (17 damage)
             ... on level 3 of the Dungeon.
             The game lasted 00:05:02 (2749 turns).

Foltvin the Digger (Gargoyle Earth Elementalist)    Turns: 2749, Time: 00:05:05

Health: -10/32     AC:  7    Str: 11    XL:     6   Next: 46%
Magic:  4/12       EV: 12    Int: 18    God:
Gold:   105        SH:  0    Dex: 10    Spells: 9/13 levels left

rFire    . . .     SeeInvis .   k - +1 dagger
rCold    . . .     Gourm    .   (no shield)
rNeg     + + .     Faith    .   c - +1 robe
rPois    ∞         Spirit   .   (no helmet)
rElec    +         Reflect  .   (no cloak)
rCorr    .         Harm     .   (no gloves)
MR       .....                  (no boots)
Stlth    ++........             (no amulet)
HPRegen  0.10/turn              n - ring of positive energy
MPRegen  0.13/turn              (no ring)

@: no status effects
A: negative energy resistance 1, electricity resistance, unbreathing,
petrification resistance, rot immunity, AC +4
a: no special abilities


You were on level 3 of the Dungeon.
You were not hungry.

You visited 1 branch of the dungeon, and saw 3 of its levels.

You collected 105 gold pieces.

Inventory:

Hand Weapons
 g - a +0 club
 k - a +1 dagger (weapon)
Missiles
 b - 124 stones (quivered)
Armour
 c - a +1 robe (worn)
Jewellery
 n - a ring of positive energy (left hand)
Scrolls
 e - a scroll of enchant weapon
 h - a scroll of immolation
 i - a scroll of magic mapping
Potions
 a - a potion of flight {unknown}
 o - 2 potions of lignification
Comestibles
 d - 5 rations
 f - 3 chunks of flesh


   Skills:
 - Level 1.5 Dodging
 - Level 2.1 Stealth
 + Level 4.0 Spellcasting
 + Level 3.2 Conjurations
   Level 0.7 Transmutations
 + Level 5.9 Earth Magic


You had 9 spell levels left.
You knew the following spells:

 Your Spells              Type           Power        Failure   Level  Hunger
a - Sandblast             Erth           ###...       1%          1    None
b - Stone Arrow           Conj/Erth      ###...       7%          3    ###....

Your spell library contained the following spells:

 Spells                   Type           Power        Failure   Level  Hunger
 Passwall                 Tmut/Erth      ###.....     6%          2    ##.....
 Lee's Rapid Deconstruct  Erth           ###.......   34%         5    ######.
 Petrify                  Tmut/Erth      ###.....     36%         4    ####...


Dungeon Overview and Level Annotations

Branches:
Dungeon (3/15)

Altars:
The Shining One


Innate Abilities, Weirdness & Mutations

You are resistant to torment.
Your stone body is resilient. (AC +4)
You are immune to poison.
You resist negative energy. (rN+)
You are resistant to electric shocks. (rElec)
You can survive without breathing.
You are immune to petrification.
You are immune to rotting.


Message History

Press: ? - help, Shift-Dir - straight line, f/p - orc priest
Aim: an orc priest, wearing a +0 ring mail (lightly wounded)
The blast of sand hits the orc priest but does no damage.
The orc priest is lightly wounded.
b - 125 stones The orc priest mumbles some strange prayers to Beogh against you.
Beogh smites you!
* * * LOW HITPOINT WARNING * * *
Casting: Sandblast (safe; 1% risk of failure)
Confirm with . or Enter, or press ? or * to list all spells.
Aiming: Sandblast (safe; 1% risk of failure)
Press: ? - help, Shift-Dir - straight line, f/p - orc priest
Aim: an orc priest, wearing a +0 ring mail (lightly wounded)
The blast of sand hits the orc priest!
The orc priest is severely wounded.
b - 124 stones The orc priest invokes the aid of Beogh against you.
Beogh smites you!
Ouch! That really hurt!
You die...

*** #..#####.# **,**
######..####*,*
**,*,**#..........#*,*
*,***......##..##.##.##*****
**,*,.##..,##..........,,,,*
****,*##**#.....#####****,*
*,* ##...## *,* ***,* ##.##
*,* *****,,,* #@# *,*
,,,,,,,,* #o# *,* ,*****,**
*#o#* *,* ** *** **.oo**
*****,* * **.....** *,,,,,*
*******.......** *,*,***
*,,,,,.........***,,,,**
*****,,,,..........',,,,,,,*
*,*,,,,,...........##*,,,,**


You could see an orc priest and 3 orcs.

Vanquished Creatures
  Grinder (D:3)
  4 adders
  An ooze (D:3)
  2 worms
  2 dart slugs (D:1)
  2 leopard geckos
  3 orcs (D:3)
  8 bats
  4 giant cockroaches
  2 goblins
  6 hobgoblins
  2 jackals (D:3)
  7 kobolds
  A quokka (D:2)
  2 frilled lizards
  10 rats
57 creatures vanquished.

Notes
Turn   | Place    | Note
-------+----------+-------------------------------------------
     0 | D:1      | Foltvin the Gargoyle Earth Elementalist began the quest for
                  | the Orb.
     0 | D:1      | Reached XP level 1. HP: 10/10 MP: 3/3
   210 | D:1      | Reached XP level 2. HP: 15/15 MP: 5/5
   212 | D:1      | Reached skill level 4 in Earth Magic
   990 | D:2      | Reached XP level 3. HP: 17/19 MP: 4/7
   995 | D:2      | Learned a level 3 spell: Stone Arrow
  1360 | D:2      | Found a glowing golden altar of the Shining One.
  1722 | D:3      | Reached XP level 4. HP: 24/24 MP: 6/8
  1724 | D:3      | Noticed Grinder
  1726 | D:3      | Paralysed by Grinder for 6 turns
  1732 | D:3      | Reached skill level 1 in Conjurations
  2236 | D:3      | Paralysed by Grinder for 3 turns
  2252 | D:3      | Killed Grinder
  2252 | D:3      | Reached skill level 5 in Earth Magic
  2252 | D:3      | Reached XP level 5. HP: 28/28 MP: 0/10
  2252 | D:3      | Reached XP level 6. HP: 32/32 MP: 0/11
  2749 | D:3      | Killed from afar by an orc priest

Illustrated notes

Levels and vault maps discovered:
D:1:      dpeg_arrival_windows_large_door, layout_basic
D:2:      layout_basic, serial_forest, infiniplex_forest_lined_corner,
          infiniplex_forest_clump_small, infiniplex_forest_corner_1,
          infiniplex_forest_clump_long, infiniplex_forest_straight_4,
          infiniplex_forest_end_2, infiniplex_forest_zigzag_1,
          infiniplex_forest_lined_room_2, infiniplex_forest_zigzag_1,
          nicolae_tso_carved_into_rock
D:3:      layout_loops_corners, grunt_gozag_breadcrumbs, fedhas_altar_4,
          kennysheep_donut, uniq_grinder

Skill      XL: |  1  2  3  4  5  6 |
---------------+-------------------+-----
Earth Magic    | 4 5 |  5.9
Spellcasting   | 3 4 |  4.0
Conjurations   | 3 |  3.2
Dodging        | |  1.5
Stealth        | |  2.1
Transmutations | |  0.7

Action                   |  1- 3 |  4- 6 || total
-------------------------+-------+-------++-------
Melee: Unarmed           |    10 |       ||    10
       Club              |    14 |       ||    14
       Dagger            |    44 |    66 ||   110
 Cast: Sandblast         |    17 |    39 ||    56
  Use: Scroll            |     8 |     2 ||    10
       Potion            |       |     4 ||     4
 Stab: Sleeping          |     3 |     1 ||     4
  Eat: Chunk             |     3 |     3 ||     6
Armor: Robe              |    26 |    50 ||    76
Dodge: Dodged            |    74 |    61 ||   135

Table legend:
 A = Non-vault XP
 B = Vault XP
 C = Vault XP percentage of total XP
 D = Non-vault monster count
 E = Vault monster count
 F = Vault count percentage of total count
                 A         B        C        D         E       F
            +---------+---------+-------+---------+---------+-------
      Total |     158 |     300 |  65.5 |      56 |       1 |   1.8
            +---------+---------+-------+---------+---------+-------
        D:1 |      22 |       0 |   0.0 |      11 |       0 |   0.0
        D:2 |      46 |       0 |   0.0 |      18 |       0 |   0.0
        D:3 |      90 |     300 |  76.9 |      27 |       1 |   3.6
            +---------+---------+-------+---------+---------+-------
